 Dungeon Crawl Stone Soup version 0.30-a0-219-gf2db51d15e (webtiles) character file.

Game seed: 11261104929538521867

1640 vineage the Fighter (level 8, -11/54 HPs)
             Began as a Gargoyle Fighter on Oct 7, 2022.
             Was a Follower of Okawaru.
             Mangled by a two-headed ogre
             ... wielding a +0 giant spiked club
              (16 damage)
             ... on level 6 of the Dungeon.
             The game lasted 00:07:43 (5509 turns).

vineage the Fighter (Gargoyle Fighter)              Turns: 5509, Time: 00:07:43

Health: -11/54     AC: 18    Str: 23    XL:     8   Next: 99%
Magic:  8/9        EV: 11    Int:  8    God:    Okawaru [*.....]
Gold:   300        SH: 11    Dex:  9    Spells: 7/7 levels left

rFire   . . .      SeeInvis +    d - +1 flail (protect)
rCold   . . .      Faith    .    c - +0 buckler
rNeg    + . .      Spirit   .    b - +0 scale mail
rPois   ∞          Reflect  +    x - +0 helmet
rElec   +          Harm     .    (no cloak)
rCorr   +          Rampage  +    h - +1 pair of gloves
Will    +....                    (no boots)
Stlth   +.........               e - amulet "Hun Guug" {Reflect Rampage Fragile rPois rCorr SH+5}
HPRegen 0.29/turn                g - ring of see invisible
MPRegen 0.11/turn                t - ring of willpower

@: about to teleport, heroic
A: sickness immunity, AC +5, negative energy resistance 1, electricity
resistance, torment resistance 1, petrification resistance
a: Renounce Religion, Heroism


You were on level 6 of the Dungeon.
You worshipped Okawaru.
Okawaru was aware of your devotion.
You visited 2 branches of the dungeon, and saw 8 of its levels.

You collected 300 gold pieces.

Inventory:

Hand Weapons
 a - a +1 flail
 d - a +1 flail of protection (weapon)
Missiles
 z - 2 throwing nets (quivered)
Armour
 b - a +0 scale mail (worn)
 c - a +0 buckler (worn)
 h - a +1 pair of gloves (worn)
 x - a +0 helmet (worn)
Jewellery
 e - the amulet "Hun Guug" (around neck) {Reflect Rampage Fragile rPois rCorr SH+5}
   (You found it on level 4 of the Dungeon)

   [amulet of reflection]

   It reflects blocked missile attacks.
   rPois:     It protects you from poison.
   rCorr:     It protects you from acid and corrosion.
   Fragile:   It will be destroyed if unequipped.
   SH:        It affects your SH (+5).
   Rampage:   It bestows one free step when moving towards enemies.
 g - a ring of see invisible (left hand)
 m - a +6 ring of intelligence
 t - a ring of willpower (right hand)
 v - an amulet of regeneration
Wands
 r - a wand of mindburst (37)
Scrolls
 j - 2 scrolls of teleportation
 n - 3 scrolls of amnesia {unknown}
 q - a scroll of silence {unknown}
 y - a scroll of enchant weapon
Potions
 f - a potion of attraction {unknown}
 k - a potion of magic {unknown}
 l - 2 potions of haste {unknown}
 o - 3 potions of curing {unknown}
 p - 3 potions of lignification {unknown}
 s - a potion of degeneration {unknown}
 u - a potion of flight {unknown}
 A - a potion of invisibility {unknown}
 B - a potion of berserk rage {unknown}
 C - a potion of ambrosia {unknown}


   Skills:
 * Level 8.3(13.3) Fighting
 + Level 5.1(10.1) Maces & Flails
 + Level 6.3(11.3) Armour
 + Level 6.2(11.2) Shields
 + Level 1.6 Invocations


You had 7 spell levels left.
You didn't know any spells.
Your spell library contained the following spells:

 Spells                   Type           Power      Damage    Failure   Level
 Necrotise                Necr           0%         1d4       73%         1
 Poisonous Vapours        Pois/Air       0%         N/A       86%         2
 Mephitic Cloud           Conj/Pois/Air  0%         N/A       97%         3
 Vampiric Draining        Necr           0%         2d6       97%         3
 Passage of Golubria      Tloc           0%         N/A       100%        4
 Agony                    Necr           0%         N/A       100%        5
 Borgnjor's Vile Clutch   Necr/Erth      0%         N/A       100%        5
 Silence                  Hex/Air        0%         N/A       100%        5
 Conjure Ball Lightning   Conj/Air       0%         3x3d6     100%        6
 Discord                  Hex            0%         N/A       100%        8
 Disjunction              Tloc           0%         N/A       100%        8
 Lehudib's Crystal Spear  Conj/Erth      0%         10d2      100%        8
 Cigotuvi's Dreadful Rot  Necr/Pois/Air  Unusable   N/A       N/A         2
 Animate Dead             Necr           Unusable   N/A       N/A         4
 Death Channel            Necr           Unusable   N/A       N/A         6

Dungeon Overview and Level Annotations

Branches:
Dungeon (7/15)             Temple (1/1) D:5

Altars:
Ashenzari
Cheibriados
Dithmenos
Elyvilon
Fedhas
Gozag
Hepliaklqana
Kikubaaqudgha
Makhleb
Nemelex Xobeh
Okawaru
Qazlal
Ru
Sif Muna
Trog
Uskayaw
Vehumet
Wu Jian
Xom
Yredelemnul
Zin
The Shining One

Shops:
D:2 :   D:6 (((   D:7 [


Innate Abilities, Weirdness & Mutations

You are immune to sickness and miasma.
Your stone body is resilient. (AC +5)
You are immune to poison.
You resist negative energy. (rN+)
You are resistant to electric shocks. (rElec)
You are resistant to unholy torment.
You are immune to petrification.


Message History

a +5 hand axe; a +0 robe No target in view!
You see here a scorpion corpse.
Done exploring.
Done exploring.
The two-headed ogre shouts in stereo!
Okay, then.
You gain the combat prowess of a mighty hero.
You rampage towards the two-headed ogre!
The two-headed ogre hits you with a +0 giant spiked club!!
The two-headed ogre hits you but does no damage.
You barely miss the two-headed ogre.
You hit the two-headed ogre but do no damage.
Your weapon exudes an aura of protection.
The two-headed ogre hits you but does no damage.
The two-headed ogre barely misses you.
You sock the two-headed ogre!
The two-headed ogre is lightly wounded.
You block the two-headed ogre's attack. x2
You hit the two-headed ogre.
The two-headed ogre is moderately wounded.
You barely miss the two-headed ogre.
The two-headed ogre is moderately wounded.
The two-headed ogre hits you with a +0 giant spiked club!
The two-headed ogre barely misses you.
You hit the two-headed ogre but do no damage.
The two-headed ogre is moderately wounded.
The two-headed ogre hits you with a +0 giant spiked club!
* * * LOW HITPOINT WARNING * * *
The two-headed ogre hits you but does no damage.
You feel much better.
As you read the scroll of teleportation, it crumbles to dust.
You feel strangely unstable.
The two-headed ogre hits you with a +0 giant spiked club.
The two-headed ogre hits you but does no damage.
The two-headed ogre attacks as you move away!
The two-headed ogre hits you with a +0 giant spiked club!!
* * * LOW HITPOINT WARNING * * *
The two-headed ogre hits you with a +0 giant club!
You die...

...#############.##.#
#####..........#.##.#
#....########.#.#..#
##....#..#.....#...##
......#..#.##..#...#
#.....#..#.##..##..#####
......#..#.##..##......#
#.##..#........##....#.######
......##.##.#..O@...........##
....####....#..##########.#..#
....# #..###..#........#.#..#
.##.# #..##...#.######.#.#..##
.)#.####.....#.#.#....#.#.#...#
).........####.#.#.##.#.#.#.#.#
)...###...# #.#.#.#∩.#.#.#.#.##
..........# #.#.#.####.#.#....#
..#.#.....# #.#.#......#.#.#.##


You could see a two-headed ogre.

Vanquished Creatures
  Sigmund (D:3)
  Edmund (D:4)
  An ogre (D:4)
  A phantom (D:6)
  4 scorpions
  3 necrophages
  A wight (D:6)
  2 howler monkeys
  4 hounds
  3 jellies (D:4)
  An orc priest (D:5)
  Jessica (D:3)
  3 iguanas
  An orc wizard (D:7)
  Robin (D:3)
  8 gnolls
  6 adders
  An ufetubus (D:6)
  A worm (D:4)
  A dart slug (D:4)
  17 orcs
  2 bats (D:2)
  10 endoplasms
  5 giant cockroaches
  11 goblins
  10 hobgoblins
  3 jackals (D:2)
  5 kobolds
  6 quokkas
  6 ball pythons
  3 frilled lizards
  4 rats (D:2)
127 creatures vanquished.

Notes
Turn   | Place    | Note
-------+----------+-------------------------------------------
     0 | D:1      | vineage the Gargoyle Fighter began the quest for the Orb.
     0 | D:1      | Reached XP level 1. HP: 14/14 MP: 1/1
   278 | D:1      | Reached XP level 2. HP: 19/19 MP: 2/2
   717 | D:1      | Found a faded altar of an unknown god.
   961 | D:2      | Found a sparkling altar of Nemelex Xobeh.
  1011 | D:2      | Found Gamep's Vocational Training.
  1020 | D:2      | Reached XP level 3. HP: 23/24 MP: 3/3
  1024 | D:2      | Reached skill level 4 in Fighting
  1033 | D:2      | Reached XP level 4. HP: 7/29 MP: 4/4
  1867 | D:3      | Noticed Sigmund
  1882 | D:3      | Killed Sigmund
  1883 | D:3      | Reached skill level 5 in Fighting
  1883 | D:3      | Reached XP level 5. HP: 32/35 MP: 5/5
  1883 | D:3      | Reached XP level 6. HP: 37/40 MP: 6/6
  2270 | D:3      | Noticed Jessica
  2273 | D:3      | Killed Jessica
  2274 | D:3      | Noticed Robin
  2280 | D:3      | Killed Robin
  2352 | D:4      | Identified the amulet "Hun Guug" {Reflect Rampage Fragile
                  | rPois rCorr SH+5}
  2726 | D:4      | Reached skill level 6 in Fighting
  2726 | D:4      | Reached XP level 7. HP: 35/46 MP: 7/7
  2803 | D:4      | Reached skill level 5 in Armour
  2980 | D:4      | Reached skill level 5 in Shields
  3108 | D:4      | Noticed Edmund
  3125 | D:4      | Killed Edmund
  3249 | D:5      | Entered Level 5 of the Dungeon
  3256 | D:5      | Reached XP level 8. HP: 47/52 MP: 8/8
  3296 | D:5      | Reached skill level 7 in Fighting
  3299 | D:5      | Found a staircase to the Ecumenical Temple.
  3347 | Temple   | Entered the Ecumenical Temple
  3536 | Temple   | Became a worshipper of Warmaster Okawaru
  4073 | D:5      | Found an ornate altar of the Wu Jian Council.
  4623 | D:6      | Found Hunnoh's Weapon Shop.
  4762 | D:6      | Found Vijig's Antique Weapon Shoppe.
  4820 | D:6      | Reached skill level 8 in Fighting
  4820 | D:6      | Reached skill level 1 in Invocations
  4828 | D:6      | Found Irud's Weapon Emporium.
  5113 | D:6      | Reached skill level 5 in Maces & Flails
  5278 | D:7      | Reached * piety under Okawaru
  5329 | D:7      | Found Fimuemof's Antique Armour Shop.
  5343 | D:7      | Noticed a two-headed ogre
  5509 | D:6      | Mangled by a two-headed ogre

Illustrated notes

Levels and vault maps discovered:
D:1:      spicycebolla_arrival_clurvy, layout_loops_ring, basic_ecumenical_altar
D:2:      layout_loops_ring, basic_altar, nicolae_shop_vocational
D:3:      layout_basic, uniq_jessica, uniq_robin, uniq_sigmund
D:4:      minmay_chambers_of_twos, layout_basic, cheibrodos_gnoll_hut,
          uniq_edmund
D:5:      layout_basic, pdpol_wu_jian_five_deadly_venoms,
          minmay_temple_entry_overgrown, grunt_ministairs_15
D:6:      layout_basic, serial_shops, nicolae_shop_bloodbath_and_beyond,
          nicolae_shop_trees, nicolae_inconvenience_store, kennysheep_cross_room
D:7:      layout_rooms, serial_shops, shop_fountains
Temple:   nicolae_temple_bog_church

Skill      XL: |  1  2  3  4  5  6  7  8 |
---------------+-------------------------+-----
Fighting       | 4 5 6 8 |  8.3
Maces & Flails | 3 4 5 |  5.1
Armour         | 4 5 6 |  6.3
Shields        | 4 5 6 |  6.2
Invocations    | 1 |  1.6

Action                   |  1- 3 |  4- 6 |  7- 9 || total
-------------------------+-------+-------+-------++-------
Melee: Flail             |    69 |   135 |   281 ||   485
Invok: Heroism           |       |       |     2 ||     2
  Use: Scroll            |     3 |     4 |     4 ||    11
       Potion            |     1 |     1 |     1 ||     3
Armor: Scale mail        |    56 |    85 |   146 ||   287
Dodge: Dodged            |    42 |    56 |    99 ||   197
Block: Buckler           |    20 |    31 |   160 ||   211
       Reflection        |       |       |     1 ||     1

Table legend: (Time is in decaauts)
 A = Elapsed time spent in this place.
 B = Non-inter-level travel time spent in this place.
 C = Inter-level travel time spent in this place.
 D = Time resting spent in this place.
 E = Time spent auto-exploring this place.
 F = Levels seen in this place.
 G = Mean time per level.
                   A        B        C        D        E       F      G
               +--------+--------+--------+--------+--------+-----+--------+
         Total |   5634 |   5259 |    375 |     20 |   4153 |   8 |  704.2 |
       Dungeon |   5412 |   5091 |    321 |     20 |   4007 |   7 |  773.1 |
        Temple |    221 |    167 |     54 |      0 |    146 |   1 |  221.0 |
               +--------+--------+--------+--------+--------+-----+--------+

Top non-repeatable levels by time:
     D:5: 996 daAuts
     D:6: 966 daAuts
     D:4: 959 daAuts
     D:2: 821 daAuts
     D:1: 784 daAuts
     D:3: 761 daAuts
  Temple: 221 daAuts
     D:7: 121 daAuts
